 Dungeon Crawl Stone Soup version 0.28-a0-1199-gef9e1dbd39 (webtiles) character file.

Game seed: 15590219961789980239

189 porpoise the Sneak (level 6, 0/51 HPs)
             Began as a Formicid Delver on Dec 19, 2021.
             Succumbed to an adder's poison
             ... on level 3 of the Dungeon.
             The game lasted 00:02:07 (356 turns).

porpoise the Sneak (Formicid Delver)                 Turns: 356, Time: 00:02:07

Health: 0/51       AC:  3    Str: 18    XL:     6   Next: 0%
Magic:  6/6        EV: 11    Int: 10    God:
Gold:   0          SH:  0    Dex: 12    Spells: 5/5 levels left

rFire   . . .      SeeInvis +   a - +0 hand axe
rCold   . . .      Faith    .   (no shield)
rNeg    . . .      Spirit   .   b - +0 leather armour
rPois   .          Reflect  .   (helmet unavailable)
rElec   .          Harm     .   (no cloak)
rCorr   .          Rampage  .   (no gloves)
Will    .....                   (no boots)
Stlth   +++.......              (no amulet)
HPRegen 0.17/turn               (no ring)
MPRegen 0.10/turn               (no ring)

@: lethally poisoned (0 -> -10)
A: permanent stasis, dig shafts and tunnels, antennae 3, four strong arms
a: Dig, Shaft Self


You were on level 3 of the Dungeon.
You visited 1 branch of the dungeon, and saw 3 of its levels.

Inventory:

Hand Weapons
 a - a +0 hand axe (weapon)
Missiles
 h - 18 stones (quivered)
Armour
 b - a +0 leather armour (worn)
Wands
 f - a wand of digging (3)
Scrolls
 c - a scroll of fog
 d - a scroll of magic mapping
 g - 2 scrolls of identify {unknown}


   Skills:
 + Level 5.2 Fighting
 + Level 3.6 Axes
 + Level 0.3 Throwing
 + Level 2.1 Armour
 - Level 1.7 Dodging
 - Level 6.0 Stealth


You had 5 spell levels left.
You didn't know any spells.
Your spell library was empty.

Dungeon Overview and Level Annotations

Branches:
Dungeon (5/15)
 Temple: D:4-7

Altars:
Fedhas


Innate Abilities, Weirdness & Mutations

You cannot be hasted, slowed, berserked, paralysed or teleported.
You can dig through walls and to a lower floor.
You have a pair of large antennae on your head. (SInv)
Your four strong arms can wield two-handed weapons with a shield.


Message History

Sigmund says, "Look into my eyes."
Sigmund hits you but does no damage. The adder is attracted toward you.
The adder hisses angrily.
You hit Sigmund.
You kill Sigmund!
The adder bites you but does no damage.
Your Fighting skill increases to level 5!
Your Axes skill increases to level 3!
Your Armour skill gained 2 levels and is now at level 2!
You have reached level 4!
You feel clever.
You have reached level 5!
You have reached level 6!
You aren't carrying any potions.
You barely miss the adder. The adder bites you.
* * * LOW HITPOINT WARNING * * *
The adder bites you.
* * * LOW HITPOINT WARNING * * *
Okay, then.
Unknown command.
As you read the scroll of fear, it crumbles to dust.
You assume a fearsome visage.
The adder looks frightened!
The adder is attracted toward you. The adder is attracted toward you.
You start resting.
You feel less attractive to monsters.
You start resting.
An adder is nearby!
You slash the adder!
The adder is severely wounded.
The adder bites you.
* * * LOW HITPOINT WARNING * * *
You are poisoned.
The adder poisons you! The adder bites you.
* * * LOW HITPOINT WARNING * * *
You are more poisoned.
The adder poisons you!
You completely miss the adder.
The adder is severely wounded.
You die...

..... ...
.... ... ..#
... #.# #.#
..## #ยง#
#.# #...#
#)#
#.##.....
#.###.#.....
#..##.#..#
##..S@...#
##.#...##
#.#.###
###...##
#.....>#
#......#
#......#
#......#
########


You could see an adder.

Vanquished Creatures
  Sigmund (D:3)
  A hound (D:4)
  A hobgoblin (D:3)
  A ball python (D:3)
  A goblin (D:3)
5 creatures vanquished.

Notes
Turn   | Place    | Note
-------+----------+-------------------------------------------
     0 | D:5      | porpoise the Formicid Delver began the quest for the Orb.
     0 | D:5      | Reached XP level 1. HP: 18/18 MP: 1/1
    26 | D:4      | Noticed a hound
    26 | D:4      | Found a blossoming altar of Fedhas.
    37 | D:4      | Killed a hound
    38 | D:4      | Reached XP level 2. HP: 11/25 MP: 2/2
    38 | D:4      | Reached XP level 3. HP: 14/30 MP: 3/3
   306 | D:3      | Noticed Sigmund
   321 | D:3      | Killed Sigmund
   322 | D:3      | Reached skill level 5 in Fighting
   322 | D:3      | Reached XP level 4. HP: 6/39 MP: 4/4
   322 | D:3      | Reached XP level 5. HP: 6/44 MP: 5/5
   322 | D:3      | Reached XP level 6. HP: 7/51 MP: 6/6
   322 | D:3      | HP: 2/51 [adder (3)]
   355 | D:3      | HP: 2/51 [adder (4)]
   356 | D:3      | Succumbed to an adder's poison

Illustrated notes

Levels and vault maps discovered:
D:3:      layout_rooms, uniq_sigmund
D:4:      layout_loops_ring, fedhas_altar_1
D:5:      layout_rooms, minmay_temple_entry_butterflies, serial_shops, shop,
          hangedman_decor_opposing

Skill      XL: |  1  2  3 |
---------------+----------+-----
Fighting       | 4 5 |  5.2
Axes           | 3 |  3.6
Armour         | 2 |  2.1
Throwing       | |  0.3
Dodging        | |  1.7
Stealth        | |  6.0

Action                   |  1- 3 |  4- 6 || total
-------------------------+-------+-------++-------
Melee: Hand axe          |    29 |     3 ||    32
Throw: Stone             |     2 |       ||     2
  Use: Potion            |     1 |       ||     1
       Scroll            |       |     1 ||     1
Armor: Leather armour    |     8 |       ||     8
Dodge: Dodged            |    14 |       ||    14

Table legend: (Time is in decaauts)
 A = Elapsed time spent in this place.
 B = Non-inter-level travel time spent in this place.
 C = Inter-level travel time spent in this place.
 D = Time resting spent in this place.
 E = Time spent auto-exploring this place.
 F = Levels seen in this place.
 G = Mean time per level.
                   A        B        C        D        E       F      G
               +--------+--------+--------+--------+--------+-----+--------+
         Total |    361 |    361 |      0 |    236 |     16 |   3 |  120.3 |
       Dungeon |    361 |    361 |      0 |    236 |     16 |   3 |  120.3 |
               +--------+--------+--------+--------+--------+-----+--------+

Top non-repeatable levels by time:
     D:4: 192 daAuts
     D:3: 142 daAuts
     D:5: 26 daAuts
